 Dungeon Crawl Stone Soup version 0.19-a0-1908-g43c011f (webtiles) character file.

1840 Leibowitz the Cleaver (level 8, -6/68 HPs)
             Began as a Demigod Fighter on Oct 22, 2016.
             Mangled by an orc warrior
             ... wielding a +0 halberd
              (14 damage)
             ... on level 6 of the Dungeon.
             The game lasted 00:11:43 (5859 turns).

Leibowitz the Cleaver (Demigod Fighter)             Turns: 5859, Time: 00:11:44

Health: -6/68      AC: 16    Str: 21    XL:     8   Next: 57%
Magic:  10/10      EV:  7    Int: 12    God:
Gold:   230        SH:  4    Dex: 17    Spells: 0 memorised, 7 levels left

rFire  . . .     SeeInvis .     a - +0 war axe
rCold  . . .     Gourm    .     m - +0 plate armour
rNeg   . . .     Faith    .     (no shield)
rPois  .         Spirit   .     (no helmet)
rElec  .         Reflect  +     e - +1 cloak
rCorr  .         Harm     .     (no gloves)
MR     .....                    y - +0 pair of boots (curse)
Stlth  ..........               r - +4 amulet of reflection
                                (no ring)
                                g - ring of stealth

@: no status effects
A: high mp 1
a: no special abilities


You were on level 6 of the Dungeon.
You were not hungry.

You visited 2 branches of the dungeon, and saw 7 of its levels.
You visited the Abyss 1 time.

You collected 230 gold pieces.

Inventory:

Hand Weapons
 a - a +0 war axe (weapon)
Armour
 e - a +1 cloak (worn)
 m - a +0 plate armour (worn)
 v - the +5 ring mail "Vycheabi" {+Inv rPois Str-5 Int+6}
   (You found it on level 4 of the Dungeon)

   It affects your strength (-5).
   It affects your intelligence (+6).
   It protects you from poison.
   It lets you turn invisible.
 y - a cursed +0 pair of boots (worn)
Jewellery
 g - a ring of stealth (left hand)
 r - a +4 amulet of reflection (around neck)
Wands
 s - a wand of flame (35/48)
Scrolls
 b - a scroll of amnesia {unknown}
 c - 2 scrolls of recharging {unknown}
 d - 6 scrolls of identify {unknown}
 h - a scroll of blinking {unknown}
 i - a scroll of magic mapping {unknown}
 j - a scroll of enchant weapon {unknown}
 k - 2 scrolls of noise {unknown}
 l - a scroll of random uselessness {unknown}
 p - a scroll of fear {unknown}
 w - a scroll of silence {unknown}
Potions
 o - a potion of haste {unknown}
 u - a potion of brilliance {unknown}
 z - a potion of resistance {unknown}
Comestibles
 f - 6 bread rations
 n - a beef jerky
 q - 2 meat rations
 A - 6 chunks of flesh


   Skills:
 + Level 5.3 Fighting
 + Level 8.0 Axes
 + Level 5.5 Armour
 + Level 1.9 Dodging
 + Level 0.2 Stealth
   Level 2.6 Shields


You had 7 spell levels left.
You didn't know any spells.

Dungeon Overview and Level Annotations

Branches:
Dungeon (6/15)             Temple (1/1) D:5


Innate Abilities, Weirdness & Mutations

You have an increased reservoir of magic. (+10% MP)


Message History

The orc warrior is moderately wounded.
The orc warrior hits you with a halberd!
* * * LOW HITPOINT WARNING * * *
You closely miss the orc warrior.
The orc warrior is moderately wounded.
You block the orc warrior's attack.
You closely miss the orc warrior.
The orc warrior is moderately wounded.
The orc warrior hits you but does no damage.
You closely miss the orc warrior.
The orc warrior is moderately wounded.
The orc warrior hits you with a halberd!
* * * LOW HITPOINT WARNING * * *
You closely miss the orc warrior.
The orc warrior is moderately wounded.
The orc warrior hits you with a halberd!
* * * LOW HITPOINT WARNING * * *
You feel better.
The orc warrior hits you with a halberd!
You die...

......#.......# ##
.#............# ##..
.#.####.......# #..#
.#.######.###### #..#
##.##.........(# #..#
#.##..........# #..# ..
#..........########..#
###..........#.........##### #
........)....o@......+.#.#.#.#.
#######.######)...†..#.........
#....#(........#...............
#............#.#)####...####...
#.####(#######.#.#.#
#.......... #....(.# #.#.#†#
##......... ######## #.#.#†#
#......... ##########.#.#.#
#......... #..........#.#.#
#...#####.


You could see an orc warrior.

Vanquished Creatures
  Grinder (D:5)
  3 yaks (D:6)
  Duvessa (D:5)
  2 ogres
  A centaur (D:6)
  A big kobold (D:3)
  A bullfrog (D:6)
  Dowan (D:5)
  A crimson imp (D:5)
  2 orc priests
  Crazy Yiuf (D:2)
  2 hounds
  A quasit (Abyss:1)
  A jelly (D:5)
  Ijyb (D:2)
  Terence (D:2)
  4 orc wizards
  4 worker ants
  A hound zombie (D:5)
  A hound skeleton (D:4)
  4 gnolls (D:4)
  5 adders
  A shadow imp (D:5)
  2 oozes
  A dart slug (D:1)
  2 leopard geckos (D:1)
  7 orcs
  4 giant cockroaches
  7 goblins
  8 hobgoblins
  5 jackals
  5 quokkas
  2 ball pythons
  13 bats
  5 frilled lizards
  A kobold (D:1)
  A quokka skeleton (D:4)
  7 rats
111 creatures vanquished.

Notes
Turn   | Place    | Note
-------+----------+-------------------------------------------
     0 | D:1      | Leibowitz the Demigod Fighter began the quest for the Orb.
     0 | D:1      | Reached XP level 1. HP: 18/18 MP: 3/3
   260 | D:1      | Reached skill level 2 in Axes
   260 | D:1      | Reached XP level 2. HP: 25/26 MP: 4/4
   667 | D:1      | Reached XP level 3. HP: 29/31 MP: 5/5
   936 | D:2      | Found a sparkling altar of Nemelex Xobeh.
  1237 | D:2      | Noticed Terence
  1238 | D:2      | Noticed Ijyb
  1261 | D:2      | Killed Ijyb
  1261 | D:2      | Reached skill level 3 in Axes
  1266 | D:2      | Killed Terence
  1266 | D:2      | Reached XP level 4. HP: 15/38 MP: 6/6
  1737 | D:2      | Found a runed door.
  1741 | D:2      | Noticed Crazy Yiuf
  1745 | D:2      | Cast into level 1 of the Abyss (Crazy Yiuf)
  1997 | Abyss:1  | Noticed a large abomination
  1997 | D:2      | Escaped the Abyss
  2005 | D:2      | Paralysed by Crazy Yiuf for 5 turns
  2012 | D:2      | Killed Crazy Yiuf
  2012 | D:2      | Reached XP level 5. HP: 18/45 MP: 7/7
  2355 | D:3      | Reached skill level 4 in Axes
  2355 | D:3      | Reached skill level 1 in Dodging
  2689 | D:3      | Found a white marble altar of Elyvilon.
  2823 | D:4      | Found a radiant altar of Vehumet.
  2955 | D:4      | Reached XP level 6. HP: 51/51 MP: 8/8
  3007 | D:4      | Got a transparent ring mail
  3018 | D:4      | Identified the +5 ring mail "Vycheabi" {+Inv rPois Str-5 Int+6} (You found it on level 4 of the Dungeon)
  3471 | D:4      | Reached skill level 5 in Axes
  3688 | D:4      | Found a stormy altar of Qazlal.
  3856 | D:5      | Entered Level 5 of the Dungeon
  3992 | D:5      | Found a staircase to the Ecumenical Temple.
  4085 | D:5      | Found an iron altar of Okawaru.
  4159 | D:5      | Noticed Duvessa
  4160 | D:5      | Noticed Dowan
  4168 | D:5      | Killed Duvessa
  4168 | D:5      | Reached XP level 7. HP: 46/59 MP: 9/9
  4176 | D:5      | Killed Dowan
  4558 | D:5      | Noticed Grinder
  4561 | D:5      | Reached skill level 6 in Axes
  4573 | D:5      | Paralysed by Grinder for 5 turns
  4581 | D:5      | Killed Grinder
  4693 | D:5      | Found a shadowy altar of Dithmenos.
  5092 | Temple   | Entered the Ecumenical Temple
  5320 | D:6      | Noticed a yak
  5320 | D:6      | Noticed a yak
  5326 | D:6      | Noticed a yak
  5337 | D:6      | Killed a yak
  5337 | D:6      | Reached skill level 5 in Armour
  5337 | D:6      | Reached XP level 8. HP: 42/67 MP: 10/10
  5345 | D:6      | Reached skill level 7 in Axes
  5353 | D:6      | Reached skill level 5 in Fighting
  5802 | D:6      | Reached skill level 8 in Axes
  5858 | D:6      | HP: 3/68 [orc warrior/halberd (7)]
  5859 | D:6      | Mangled by an orc warrior

Vault maps used:
D:1:      dpeg_arrival_water_temple_mockup
D:2:      lemuel_crystal_altar, uniq_crazy_yiuf_cottage, uniq_terence, uniq_iyjb
D:3:      marbit_many_paths, first_bread
D:4:      vehumet_altar_wand_db, overflow_temple_1_default
D:5:      nicolae_dithmenos_through_a_glass_darkly,
          lemuel_coloured_pillars_altar, uniq_grinder, uniq_duvessa
D:6:      minmay_guarded_unrand_vampires_tooth, uniq_eustachio
Temple:   minmay_temple_curvy_loop

Skill      XL: |  1  2  3  4  5  6  7  8 |
---------------+-------------------------+-----
Fighting       | 3 4 5 |  5.3
Axes           | 2 3 4 5 6 8 |  8.0
Armour         | 3 4 5 |  5.5
Dodging        | 1 |  1.9
Stealth        | |  0.2
Shields        | |  2.6

Action                   |  1- 3 |  4- 6 |  7- 9 || total
-------------------------+-------+-------+-------++-------
Melee: War axe           |   111 |   196 |   125 ||   432
  Use: Potion            |     1 |     5 |     3 ||     9
  Eat: Chunk             |     1 |     4 |     6 ||    11
       Bread ration      |       |     1 |       ||     1
       Fruit             |       |       |     1 ||     1
Armor: Scale mail        |    58 |       |       ||    58
       Plate armour      |    13 |   192 |    68 ||   273
       Skin              |       |     8 |    13 ||    21
Dodge: Dodged            |    71 |    80 |    31 ||   182
Block: Other             |       |       |    14 ||    14
       Reflection        |       |       |     2 ||     2
